 Dungeon Crawl Stone Soup version 0.20.0-10-g0535bb4 (webtiles) character file.

2893 kraftydee the Basher (level 9, -10/55 HPs)
             Began as a Gargoyle Fighter on June 4, 2017.
             Was an Elder of Okawaru.
             Mangled by Gastronok (11 damage)
             ... on level 8 of the Dungeon.
             The game lasted 00:20:05 (6176 turns).

kraftydee the Basher (Gargoyle Fighter)             Turns: 6176, Time: 00:20:06

Health: -10/55     AC: 24    Str: 23    XL:     9   Next: 77%
Magic:  8/9        EV:  6    Int:  8    God:    Okawaru [****..]
Gold:   467        SH: 13    Dex: 10    Spells: 8/8 levels left

rFire    . . .     SeeInvis .   y - +1 morningstar
rCold    + . .     Gourm    .   c - +2 shield
rNeg     + + .     Faith    .   k - +2 chain mail {rC+}
rPois    ∞         Spirit   .   (no helmet)
rElec    +         Reflect  .   n - +0 cloak
rCorr    .         Harm     .   (no gloves)
MR       .....                  h - +0 pair of boots
Stlth    ..........             (no amulet)
Regen    0.2/turn               o - ring of positive energy
MPRegen  0.2/turn               B - +4 ring of protection

@: no status effects
A: negative energy resistance 1, electricity resistance, unbreathing,
petrification resistance, rot immunity, AC +5
a: Heroism, Renounce Religion


You were on level 8 of the Dungeon.
You worshipped Okawaru.
Okawaru was greatly pleased with you.
You were not hungry.

You visited 1 branch of the dungeon, and saw 8 of its levels.

You collected 467 gold pieces.

Inventory:

Hand Weapons
 a - a +0 flail
 m - a +4 quarterstaff of chaos
 y - a +1 morningstar (weapon)
Armour
 b - a +0 scale mail
 c - a +2 shield (worn)
 h - a +0 pair of boots (worn)
 k - a +2 chain mail of cold resistance (worn)
 n - a +0 cloak (worn)
 t - a +2 scale mail of fire resistance
Jewellery
 o - a ring of positive energy (left hand)
 B - a +4 ring of protection (right hand)
Wands
 j - a wand of random effects (32/48)
 l - a wand of enslavement (12/24)
 p - a wand of random effects (13/48)
 u - a wand of lightning (13/15)
 v - a wand of paralysis (5/24)
 w - a wand of acid (2/15)
 x - a wand of acid (9/15)
 z - a wand of confusion (39/48)
 C - a wand of scattershot (1/9)
 F - a wand of flame (25/48)
Scrolls
 e - 5 scrolls of teleportation
 g - 2 scrolls of remove curse
 D - 2 scrolls of amnesia {unknown}
 G - a scroll of enchant armour
 H - a scroll of identify
Potions
 d - 2 potions of might
 i - 2 potions of haste
 q - 2 potions of curing
 A - a potion of degeneration {unknown}
 E - 2 potions of flight {unknown}
 I - a potion of ambrosia {unknown}
Books
 r - a book of Misfortune

   Spells                             Type                      Level
   a - Confusing Touch                Hexes                        1
   b - Confuse                        Hexes                        3
   c - Gell's Gravitas                Translocation                3
   d - Petrify                        Transmutation/Earth          4
   e - Metabolic Englaciation         Hexes/Ice                    5
   f - Yara's Violent Unravelling     Hexes/Transmutation          5
Comestibles
 f - 8 bread rations
 s - a royal jelly
 J - 4 chunks of flesh


   Skills:
 + Level 5.9 Fighting
 + Level 8.9 Maces & Flails
 + Level 6.4 Armour
 + Level 8.4 Shields
 + Level 1.1 Evocations


You had 8 spell levels left.
You didn't know any spells.

Dungeon Overview and Level Annotations

Branches:
Dungeon (8/15)             Temple (0/1) D:7            Lair (0/6) D:8

Altars:
Dithmenos
Fedhas
Gozag
Okawaru
Qazlal

Shops:
D:6 [

Annotations:
D:8 Gastronok


Innate Abilities, Weirdness & Mutations

You are resistant to torment.
Your stone body is resilient. (AC +5)
You are immune to poison.
You resist negative energy. (rN+)
You are resistant to electric shocks. (rElec)
You can survive without breathing.
You are immune to petrification.
You are immune to rotting.


Message History

You hit the river rat.
The river rat is lightly wounded.
The river rat bites you but does no damage.
You completely miss the river rat.
The river rat is lightly wounded.
Gastronok bites you!
* * * LOW HITPOINT WARNING * * *
The river rat bites you but does no damage.
You closely miss the river rat.
The river rat is lightly wounded.
You feel like a meek peon again.
You sock the river rat!
You kill the river rat!
The river rat's corpse disappears in a puff of smoke!
Gastronok bites you but does no damage.
You sock Gastronok!
Gastronok is lightly wounded.
Gastronok gurgles.
Gastronok bites you!
You die...

.(..# # ##....#### #
#####......... #
######..PPP........ #
#......P$P.P.......
######....##PP_.P.......
..........##..PP........
..........##..P.........
..........#..###@w....##
........................
..........##############
.......#### ...###+#
...# ...# ...# ##.#


You could see Gastronok.

Vanquished Creatures
  3 hippogriffs
  A spriggan (D:7)
  The ghost of zkyp the Cudgeler, an amateur DrHu of Qazlal (D:4)
  2 hell hounds (D:8)
  An orc warrior (D:6)
  An ice beast (D:6)
  A phantom (D:6)
  2 sky beasts
  An ogre (D:5)
  A centaur (D:6)
  Blork the orc (D:5)
  5 bullfrogs
  3 wights (D:6)
  A howler monkey (D:6)
  2 hounds
  A quasit (D:6)
  3 orc priests
  A bullfrog skeleton (D:6)
  A centaur skeleton (D:7)
  Ijyb (D:3)
  Jessica (D:3)
  3 worker ants
  Crazy Yiuf (D:2)
  Natasha (thrice) (D:2)
  3 orc wizards
  A hound zombie (D:7)
  5 adders
  A shadow imp (D:5)
  2 adder skeletons
  2 worms (D:4)
  5 leopard geckos
  10 orcs
  10 bats
  6 giant cockroaches
  5 goblins
  7 hobgoblins
  4 jackals (D:3)
  3 quokkas
  2 ball pythons
  7 frilled lizards
  10 kobolds
  5 rats
  A plant (D:8)
130 creatures vanquished.

Vanquished Creatures (others)
  A fungus (D:8)
1 creature vanquished.

Grand Total: 131 creatures vanquished

Notes
Turn   | Place    | Note
-------+----------+-------------------------------------------
     0 | D:1      | kraftydee the Gargoyle Fighter began the quest for the Orb.
     0 | D:1      | Reached XP level 1. HP: 14/14 MP: 1/1
   263 | D:1      | Reached XP level 2. HP: 17/20 MP: 2/2
   662 | D:1      | Reached XP level 3. HP: 23/24 MP: 3/3
  1030 | D:2      | Found an iron altar of Okawaru.
  1076 | D:2      | Noticed Natasha
  1087 | D:2      | Killed Natasha
  1087 | D:2      | Reached XP level 4. HP: 23/29 MP: 4/4
  1107 | D:2      | Became a worshipper of Warmaster Okawaru
  1152 | D:2      | Noticed Natasha
  1467 | D:2      | Found a runed door.
  1850 | D:2      | Noticed Crazy Yiuf
  1855 | D:2      | Killed Crazy Yiuf
  1855 | D:2      | Reached XP level 5. HP: 27/33 MP: 5/5
  1912 | D:2      | Killed Natasha
  1923 | D:2      | Noticed Natasha
  1932 | D:2      | Killed Natasha
  2043 | D:3      | Noticed Jessica
  2061 | D:3      | Killed Jessica
  2229 | D:3      | Noticed Ijyb
  2229 | D:3      | Reached XP level 6. HP: 36/38 MP: 6/6
  2260 | D:3      | Killed Ijyb
  2522 | D:3      | Found a faded altar of an unknown god.
  2582 | D:3      | Found a stormy altar of Qazlal.
  2778 | D:4      | Noticed zkyp's ghost (amateur DrHu)
  2838 | D:4      | Killed zkyp's ghost
  2838 | D:4      | Reached * piety under Okawaru
  2838 | D:4      | Reached skill level 5 in Shields
  3144 | D:4      | Found an opulent altar of Gozag.
  3271 | D:4      | Reached XP level 7. HP: 43/43 MP: 7/7
  3370 | D:4      | Reached skill level 5 in Maces & Flails
  3471 | D:4      | Reached skill level 1 in Evocations
  3653 | D:4      | Found a shadowy altar of Dithmenos.
  3709 | D:5      | Entered Level 5 of the Dungeon
  3800 | D:5      | Reached skill level 5 in Armour
  4014 | D:5      | Noticed Blork the orc
  4032 | D:5      | Killed Blork the orc
  4147 | D:5      | Reached XP level 8. HP: 30/48 MP: 5/8
  4152 | D:5      | Reached ** piety under Okawaru
  4398 | D:5      | You fall through a shaft!
  4662 | D:6      | Reached skill level 5 in Fighting
  4736 | D:6      | Found Usucs's Armour Shoppe.
  5152 | D:7      | Reached XP level 9. HP: 53/54 MP: 9/9
  5387 | D:7      | Reached *** piety under Okawaru
  5612 | D:7      | Found a staircase to the Ecumenical Temple.
  5746 | D:8      | Found a staircase to the Lair.
  5945 | D:8      | Reached **** piety under Okawaru
  6135 | D:8      | Found a blossoming altar of Fedhas.
  6139 | D:8      | Noticed Gastronok
  6172 | D:8      | HP: 1/55 [Gastronok (16)]
  6176 | D:8      | Mangled by Gastronok

Skill      XL: |  1  2  3  4  5  6  7  8  9 |
---------------+----------------------------+-----
Shields        | 4 5 7 8 |  8.4
Armour         | 4 5 6 |  6.4
Maces & Flails | 3 4 5 7 8 |  8.9
Fighting       | 4 5 |  5.9
Evocations     | 1 |  1.1

Action                   |  1- 3 |  4- 6 |  7- 9 || total
-------------------------+-------+-------+-------++-------
Melee: Flail             |   119 |   231 |   202 ||   552
       Morningstar       |       |       |   158 ||   158
Invok: Heroism           |       |       |     2 ||     2
Evoke: Wand              |       |    11 |     1 ||    12
  Use: Scroll            |     1 |    11 |     3 ||    15
       Potion            |     1 |     5 |     1 ||     7
  Eat: Chunk             |       |     3 |     6 ||     9
       Bread ration      |       |     1 |     1 ||     2
Armor: Scale mail        |    82 |   142 |       ||   224
       Chain mail        |       |    34 |   230 ||   264
Dodge: Dodged            |    47 |    65 |    68 ||   180
Block: Shield            |    60 |   162 |   253 ||   475
